 Dungeon Crawl Stone Soup version 0.29-a0-360-g8ed1089bbe (webtiles) character file.

Game seed: 2182304096812570895

615 testman the Cudgeller (level 7, -3/72 HPs)
             Began as a Troll Berserker on Apr 28, 2022.
             Was a Priest of Trog.
             Slain by a gnoll
             ... wielding a +4 spear of venom
              (5 damage)
             ... on level 3 of the Dungeon.
             The game lasted 00:12:08 (2760 turns).

testman the Cudgeller (Troll Berserker)             Turns: 2760, Time: 00:12:09

Health: -3/72      AC:  4    Str: 28    XL:     7   Next: 21%
Magic:  6/6        EV: 10    Int:  3    God:    Trog [***...]
Gold:   97         SH:  0    Dex:  9    Spells: 6/6 levels left

rFire   . . .      SeeInvis .   g - +1 flail (drain)
rCold   . . .      Faith    .   (no shield)
rNeg    . . .      Spirit   .   b - +0 animal skin
rPois   .          Reflect  .   (helmet restricted)
rElec   .          Harm     .   (no cloak)
rCorr   .          Rampage  .   (gloves unavailable)
Will    .....                   (boots unavailable)
Stlth   +.........              (no amulet)
HPRegen 1.02/turn               (no ring)
MPRegen 0.10/turn               (no ring)

@: lethally poisoned (-3 -> -15), on berserk cooldown, slowed, very slow
A: large, unfitting armour, claws 3, regeneration 1, shaggy fur 1, tough skin 1
a: Renounce Religion, Berserk, Trog's Hand


You were on level 3 of the Dungeon.
You worshipped Trog.
Trog was most pleased with you.
You visited 1 branch of the dungeon, and saw 3 of its levels.
You also visited: Sewer.

You collected 162 gold pieces.
You spent 65 gold pieces at shops.

Inventory:

Hand Weapons
 g - a +1 flail of draining (weapon)
 r - a +0 hunting sling
Missiles
 c - 46 stones (quivered)
 s - 2 atropa-tipped darts
 t - 3 javelins
Armour
 b - a +0 animal skin (worn)
Wands
 v - a wand of flame (9)
 w - a wand of charming (9)
Scrolls
 a - a scroll of summoning {unknown}
 j - a scroll of immolation {unknown}
 k - 8 scrolls of identify {unknown}
 m - a scroll of fog {unknown}
 n - a scroll of magic mapping {unknown}
 o - a scroll of blinking
 q - a scroll of enchant weapon {unknown}
 u - 2 scrolls of enchant armour {unknown}
Potions
 d - 2 potions of heal wounds
 e - a potion of haste {unknown}
 f - 2 potions of ambrosia {unknown}
 h - a potion of flight {unknown}
 i - 2 potions of resistance {unknown}
 l - a potion of brilliance {unknown}
 p - 2 potions of lignification {unknown}
 x - a potion of might {unknown}


   Skills:
 + Level 5.2 Fighting
 + Level 5.7 Maces & Flails
 - Level 2.4 Dodging


You had 6 spell levels left.
You didn't know any spells.
Your spell library was empty.

Dungeon Overview and Level Annotations

Branches:
Dungeon (3/15)              Sewer (visited)

Altars:
Fedhas
Sif Muna
Wu Jian

Shops:
D:1 :   D:2 !

Annotations:
D:3 1 transporter


Innate Abilities, Weirdness & Mutations

You are too large for most types of armour.
You have claws for hands.
Your natural rate of healing is unusually fast.
You are covered in fur. (AC +1)
You have tough skin. (AC +1)


Message History

You closely miss AlmostDecent's ghost.
AlmostDecent's ghost is moderately damaged.
You feel sick.
You thump AlmostDecent's ghost!
AlmostDecent's ghost is heavily damaged.
You feel sick.
The gnoll hits you from afar with a +0 spear.
The gnoll hits you from afar with a +4 spear of venom!
* * * LOW HITPOINT WARNING * * *
You are more poisoned.
AlmostDecent's ghost closely misses you.
You sock AlmostDecent's ghost!
AlmostDecent's ghost is almost destroyed.
You are no longer berserk.
You are exhausted.
You feel yourself slow down.
You feel very sick. The gnoll closely misses you. The gnoll barely misses you.
The gnoll hits you from afar with a +4 spear of venom.
* * * LOW HITPOINT WARNING * * *
You are more poisoned.
AlmostDecent's ghost closely misses you.
Okay, then.
You feel much better.
You feel extremely sick. The gnoll hits you but does no damage.
The gnoll closely misses you.
The gnoll hits you from afar with a +4 spear of venom.
You are more poisoned.
AlmostDecent's ghost hits you.
* * * LOW HITPOINT WARNING * * *
You hit AlmostDecent's ghost.
You destroy AlmostDecent's ghost!
Trog accepts your kill.
Your skin stops crawling.
You feel less strong-willed.
* * * LOW HITPOINT WARNING * * *
You feel extremely sick.
The gnoll hits you from afar with a +0 halberd!
* * * LOW HITPOINT WARNING * * *
The gnoll hits you from afar with a +4 spear of venom.
You die...

......##........#.### #.####.##
##.#...#####.##...#####.####..#
..............................#
##.≈≈≈≈≈≈≈≈≈≈≈≈≈≈≈≈≈≈≈≈≈≈≈≈≈..#
##.≈≈≈≈≈≈≈≈≈≈≈≈≈≈≈≈≈≈≈≈≈≈≈≈≈..#
##.≈≈#####...........#####≈≈..#
#..≈≈#.#.#.###.©.###.#g#g#≈≈††#
#..≈≈#.[.###.#####g###...#≈≈..#
...≈≈###......g)@.g....###≈≈..#
#..≈≈.8#.######'###'##.#8.≈≈..#
#..≈≈.##.#$. #8..#...#.##.≈≈..#
#..≈≈.#g.'$.:#⌠g.....':.#.≈≈..#
#..≈≈.##.#$.?#8..#...#.##.≈≈..#
#..≈≈.8#.######'###'##.#8.≈≈..#
#.[≈≈###...............###≈≈..#
#..≈≈#...###.#####©###...#≈≈.##
#..≈≈#.#.#.###.©.###.#.#.#≈≈.#


You could see 4 gnolls.

Vanquished Creatures
  The ghost of AlmostDecent the Shooter, an amateur TeHu (D:3)
  Sigmund (D:3)
  2 bullfrogs (Sewer)
  A gnoll shaman (D:3)
  Terence (D:3)
  An orc wizard (D:3)
  Robin (D:2)
  2 gnolls (D:3)
  9 adders
  2 river rats (D:3)
  A worm (D:3)
  5 dart slugs
  5 orcs (D:3)
  6 endoplasms
  5 giant cockroaches
  15 goblins
  8 hobgoblins
  7 jackals
  5 quokkas
  10 ball pythons
  4 bats
  11 frilled lizards
  5 kobolds
  8 rats
116 creatures vanquished.

Vanquished Creatures (others)
  6 plants (D:3)
6 creatures vanquished.

Grand Total: 122 creatures vanquished

Notes
Turn   | Place    | Note
-------+----------+-------------------------------------------
     0 | D:1      | testman the Troll Berserker began the quest for the Orb.
     0 | D:1      | Reached XP level 1. HP: 22/22 MP: 0/0
    53 | D:1      | Reached XP level 2. HP: 26/29 MP: 1/1
   264 | D:1      | Found Qoimmow's Book Shoppe.
   294 | D:1      | Reached XP level 3. HP: 37/37 MP: 2/2
   575 | D:1      | You fall into a shaft and drop 1 floor!
   615 | D:2      | Reached ** piety under Trog
   959 | D:2      | Found Byck's Distillery.
   991 | D:2      | Bought a potion of heal wounds for 65 gold pieces
  1186 | D:2      | Noticed Robin
  1191 | D:2      | Killed Robin
  1192 | D:2      | Reached XP level 4. HP: 45/45 MP: 3/3
  1344 | D:3      | Found a blossoming altar of Fedhas.
  1392 | D:3      | Found a glowing drain.
  1399 | Sewer    | Entered a sewer
  1411 | Sewer    | Reached XP level 5. HP: 54/54 MP: 4/4
  1650 | Sewer    | Reached XP level 6. HP: 60/62 MP: 5/5
  1653 | Sewer    | Reached *** piety under Trog
  1893 | D:3      | Found a shimmering blue altar of Sif Muna.
  1898 | D:3      | Found an ornate altar of the Wu Jian Council.
  1945 | D:3      | Reached skill level 5 in Maces & Flails
  2002 | D:3      | Noticed AlmostDecent's ghost (amateur TeHu)
  2022 | D:3      | Found a transporter.
  2028 | D:3      | Found a transporter.
  2089 | D:3      | Found a faded altar of an unknown god.
  2135 | D:3      | Noticed Terence
  2141 | D:3      | Killed Terence
  2306 | D:3      | Noticed Sigmund
  2316 | D:3      | Killed Sigmund
  2317 | D:3      | Reached skill level 5 in Fighting
  2317 | D:3      | Reached XP level 7. HP: 72/72 MP: 6/6
  2760 | D:3      | Killed AlmostDecent's ghost
  2760 | D:3      | HP: 2/72 [gnoll/+0 halberd (10)]
  2760 | D:3      | Slain by a gnoll

Illustrated notes

Levels and vault maps discovered:
D:1:      matt_arrival_diagonals, layout_basic, serial_shops, shop,
          minmay_crystal_room, minmay_misc_feat_columns
D:2:      layout_basic, serial_shops, nicolae_shop_waterfront, uniq_robin
D:3:      layout_rooms, minitemple, portal_sewer_entry_e,
          gammafunk_ghost_gnarly_gnolls, chequers_ecumenical_altar_island,
          uniq_terence, uniq_sigmund

Skill      XL: |  1  2  3  4  5  6 |
---------------+-------------------+-----
Maces & Flails | 3 4 5 |  5.7
Fighting       | 3 4 5 |  5.2
Dodging        | |  2.4

Action                   |  1- 3 |  4- 6 |  7- 9 || total
-------------------------+-------+-------+-------++-------
Melee: Mace              |    78 |       |       ||    78
       Flail             |    42 |   166 |    22 ||   230
       Punch             |       |     1 |       ||     1
Invok: Berserk           |     3 |     3 |     1 ||     7
       Trog's Hand       |       |       |     1 ||     1
  Use: Potion            |       |       |     1 ||     1
Armor: Animal skin       |    43 |    60 |     7 ||   110
Dodge: Dodged            |    73 |    68 |    17 ||   158

Table legend: (Time is in decaauts)
 A = Elapsed time spent in this place.
 B = Non-inter-level travel time spent in this place.
 C = Inter-level travel time spent in this place.
 D = Time resting spent in this place.
 E = Time spent auto-exploring this place.
 F = Levels seen in this place.
 G = Mean time per level.
                   A        B        C        D        E       F      G
               +--------+--------+--------+--------+--------+-----+--------+
         Total |   2972 |   2851 |    121 |    257 |   1776 |   4 |  743.0 |
       Dungeon |   2396 |   2275 |    121 |    257 |   1433 |   3 |  798.7 |
         Sewer |    576 |    576 |      0 |      0 |    342 |   1 |  576.0 |
               +--------+--------+--------+--------+--------+-----+--------+

Top non-repeatable levels by time:
     D:3: 1024 daAuts
     D:2: 694 daAuts
     D:1: 676 daAuts
   Sewer: 576 daAuts
